 Dungeon Sprint DCSS version 0.31-a0-1570-g93c622d222 (webtiles) character file.

Game seed: 11213695044344674956

104 jt the Trooper (level 4, -3/82 HPs)
             Began as an Oni Berserker on Jan 3, 2024.
             Was a Follower of Trog.
             Slain by Sigmund
             ... wielding a +0 scythe
              (7 damage)
             ... in the Dungeon (Sprint I: "Red Sonja").
             The game lasted 00:01:26 (161 turns).

jt the Trooper (Oni Berserker)                       Turns: 161, Time: 00:01:26

Health: -3/82      AC:  3    Str: 23    XL:     4   Next: 80%
Magic:  4/4        EV: 10    Int:  8    God:    Trog [*.....]
Gold:   54         SH:  0    Dex:  8    Spells: 3/3 levels left

rFire   . . .        a - +0 mace
rCold   . . .        (no shield)
rNeg    . . .        b - +0 animal skin
rPois   .            (helmet restricted)
rElec   .            (no cloak)
rCorr   .            (gloves unavailable)
SInv    .            (boots unavailable)
Will    .....        (no amulet) Stlth
                     (no ring)
HPRegen 0.33/turn    (no ring)
MPRegen 0.09/turn

%: no teleportation
@: berserking, very quick
A: large, unfitting armour, horns 1, tough skin 1, double potion healing,
drunken brawling
a: Renounce Religion, Berserk


You were in the Dungeon.
You worshipped Trog.
Trog was aware of your devotion.
You visited 1 branch You collected 54 gold pieces.

Inventory:

Hand Weapons
 a - a +0 mace (weapon)
 d - a +0 giant club
Armour
 b - a +0 animal skin (worn)
Wands
 c - a wand of charming (7)
Scrolls
 h - a scroll of blinking
Potions
 e - a potion of haste
 f - 2 potions of magic
 g - a potion of berserk rage


   Skills:
 + Level 7.5 Fighting
 + Level 5.6 Maces & Flails
 + Level 5.1 Dodging
 + Level 2.5 Evocations


You had 3 spell levels left.
You didn't know any spells.
Your spell library was empty.

Dungeon Overview and Level Annotations

Branches:
Dungeon (1/1)

Altars:

Annotations:
D Sigmund


Innate Abilities, Weirdness & Mutations

You are too large for most types of armour.
You have a pair of small horns on your head.
You have tough skin. (AC +1)
You gain doubled healing and magic from potions.
Whenever you drink a healing potion, you attack all around you.


Message History

Sigmund hits you but does no damage.
You hit Sigmund.
Sigmund is severely wounded.
Sigmund hits you with a +0 scythe!
You barely miss Sigmund.
Sigmund is severely wounded.
Sigmund mumbles some strange words.
Sigmund flickers and vanishes!
Deactivating autopickup; reactivate with Ctrl-A.
No target in view!
You miss something. Something hits you!
You closely miss something. Your headbutt misses something.
You closely miss something. Your headbutt misses something. Something hits you.
You hit something but do no damage.
You hear some strange, mumbled words.
A magic dart appears from out of thin air!
The magic dart hits you.
You closely miss something.
You hear some strange, mumbled words.
A puff of flame appears from out of thin air!
The puff of flame hits you.
You completely miss something. Your headbutt misses something.
You hear some strange, mumbled words.
A magic dart appears from out of thin air!
The magic dart hits you.
You barely miss something. Your headbutt misses something. Something hits you!
* * * LOW HITPOINT WARNING * * *
A red film seems to cover your vision as you go berserk!
You feel yourself moving faster!
You feel mighty! Something hits you!
* * * LOW HITPOINT WARNING * * *
You miss something. Your headbutt misses something. You miss something.
Your headbutt misses something. Your punch misses something.
You hear some strange, mumbled words.
Something tries to affect you, but you resist.
You barely miss something. Something hits you.
* * * LOW HITPOINT WARNING * * *
You miss something. Your headbutt misses something. You barely miss something.
Your punch misses something. Something hits you!
You die...

#############
#<.#..'..#.{+
#..'..#..'@.#
#.)#####'####
#..# #..#
#..# ####
#..# #⌠⌠#
####


There were no monsters in sight!

Vanquished Creatures
  An ogre (D)
  Ijyb (D)
2 creatures vanquished.

Notes
Turn   | Place    | Note
-------+----------+-------------------------------------------
     0 | D        | jt the Oni Berserker began the quest for the Orb.
     0 | D        | Reached XP level 1. HP: 24/24 MP: 1/1
     2 | D        | Noticed Ijyb
    50 | D        | Killed Ijyb
    51 | D        | Reached skill level 5 in Fighting
    51 | D        | Reached XP level 2. HP: 29/36 MP: 2/2
    51 | D        | Reached XP level 3. HP: 35/44 MP: 3/3
    84 | D        | Noticed an ogre
    89 | D        | Killed an ogre
    90 | D        | Reached skill level 7 in Fighting
    90 | D        | Reached skill level 5 in Maces & Flails
    90 | D        | Reached skill level 5 in Dodging
    90 | D        | Reached XP level 4. HP: 55/55 MP: 4/4
   144 | D        | Noticed Sigmund
   159 | D        | HP: 4/82 [something (4)]
   161 | D        | Slain by Sigmund

Illustrated notes

Levels and vault maps discovered:
D:        dungeon_sprint_1 [red_sonja_temple_1, red_sonja_temple_small_1]

Skill      XL: |  1  2  3 |
---------------+----------+-----
Fighting       | 5 7 |  7.5
Maces & Flails | 4 5 |  5.6
Dodging        | 4 5 |  5.1
Evocations     | 2 |  2.5

Action                     |  1- 3 |  4- 6 || total
---------------------------+-------+-------++-------
  Melee: Mace              |    21 |    15 ||    36
 Invoke: Berserk           |     2 |     1 ||     3
    Use: Potion            |     2 |       ||     2
 Armour: Animal skin       |    26 |    11 ||    37
  Dodge: Dodged            |    17 |     1 ||    18

Table legend: (Time is in decaauts)
 A = Elapsed time spent in this place.
 B = Non-inter-level travel time spent in this place.
 C = Inter-level travel time spent in this place.
 D = Time resting spent in this place.
 E = Time spent auto-exploring this place.
 F = Levels seen in this place.
 G = Mean time per level.
                   A        B        C        D        E       F      G
               +--------+--------+--------+--------+--------+-----+--------+
         Total |    184 |    184 |      0 |     76 |      0 |   1 |  184.0 |
       Dungeon |    184 |    184 |      0 |     76 |      0 |   1 |  184.0 |
               +--------+--------+--------+--------+--------+-----+--------+

Top non-repeatable levels by time:
       D: 184 daAuts
